 Dungeon Crawl Stone Soup version 0.29.1-2-gbd0b4ee654 (webtiles) character file.

Game seed: 8412036522493071592

71131 pyryhyry the Protected (level 15, -7/97 HPs)
             Began as a Gargoyle Gladiator on Oct 20, 2022.
             Was a High Priest of Dithmenos.
             Mangled by an alligator snapping turtle (28 damage)
             ... on level 4 of the Shoals on Oct 24, 2022.
             The game lasted 02:12:50 (20499 turns).

pyryhyry the Protected (Gargoyle Gladiator)        Turns: 20499, Time: 02:12:51

Health: -7/97      AC: 46    Str: 21    XL:     15   Next: 35%
Magic:  23/23      EV: 15    Int: 19    God:    Dithmenos [*****.]
Gold:   541        SH:  4    Dex: 17    Spells: 25/25 levels left

rFire   . . .      SeeInvis .   M - +7 lajatang (protect)
rCold   + . .      Faith    .   (shield currently unavailable)
rNeg    + . .      Spirit   .   h - +8 chain mail of Elyvilon's Castigation {rElec Regen+ Stlth-}
rPois   ∞          Reflect  .   F - +1 helmet {Int+3}
rElec   +          Harm     .   G - +1 cloak {rPois}
rCorr   .          Rampage  .   (no gloves)
Will    +....      Clarity  +   L - +0 pair of boots
Stlth   ..........              x - amulet of regeneration
HPRegen 1.86/turn               s - +6 ring of dexterity
MPRegen 0.18/turn               p - ring "Seuji" {rC+ EV+4 Int+3}

@: under a protective aura, flying, wreathed by umbra
A: sickness immunity, AC +11, big wings, negative energy resistance 1,
electricity resistance, torment resistance 1, petrification resistance, large
bone plates 1, clarity
a: Renounce Religion, Shadow Step, Shadow Form


You were on level 4 of the Shoals.
You worshipped Dithmenos.
Dithmenos was extremely pleased with you.
You visited 4 branches of the dungeon, and saw 22 of its levels.
You also visited: Gauntlet.

You collected 1440 gold pieces.
You spent 899 gold pieces at shops.

Inventory:

Hand Weapons
 a - a +4 vampiric quarterstaff
 k - the +7 trident "Uqiwitis" {holy, rF+ Will+}
   (You found it on level 1 of the Lair of Beasts)

   It has been blessed by the Shining One to cause great damage to the undead
   and demons.
   rF:        It protects you from fire.
   Will:      It increases your willpower.
 y - a +3 vorpal quarterstaff
 M - a +7 lajatang of protection (weapon)
Missiles
 f - 4 datura-tipped darts
 u - 42 poisoned darts
 H - 15 curare-tipped darts
 N - 8 javelins
 T - 7 silver javelins (quivered)
 Y - 3 throwing nets
Armour
 d - +3 storm dragon scales {Bai Suzhen}
 h - the +8 chain mail of Elyvilon's Castigation (worn) {rElec Regen+ Stlth-}
   (You found it in a Gauntlet)

   rElec:     It insulates you from electricity.
   Regen:     It increases your rate of health regeneration.
   Stlth:     It makes you less stealthy.
 F - a +1 helmet of intelligence (worn)
 G - a +1 cloak of poison resistance (worn)
 L - a +0 pair of boots (worn)
Magical Staves
 g - a staff of earth
Jewellery
 m - a ring of see invisible
 p - the ring "Seuji" (right hand) {rC+ EV+4 Int+3}
   (You found it in a Gauntlet)

   [ring of evasion]

   EV:        It affects your evasion (+4).
   Int:       It affects your intelligence (+3).
   rC:        It protects you from cold.
 s - a +6 ring of dexterity (left hand)
 x - an amulet of regeneration (around neck)
 z - a ring of fire
 B - a ring of wizardry
 P - a ring of resist corrosion
 Z - a ring of willpower
Wands
 b - a wand of flame (13)
 l - a wand of polymorph (5)
 v - a wand of digging (4)
 w - a wand of charming (3)
 Q - a wand of light (13)
 U - a wand of mindburst (6)
Scrolls
 c - 3 scrolls of enchant armour
 j - 3 scrolls of amnesia
 o - 3 scrolls of poison
 q - 6 scrolls of blinking
 r - 7 scrolls of teleportation
 t - 10 scrolls of identify
 A - 9 scrolls of fear
 C - 2 scrolls of magic mapping
 R - a scroll of fog
 X - 2 scrolls of immolation
Potions
 e - a potion of haste
 i - 2 potions of berserk rage
 n - 3 potions of attraction {unknown}
 D - 2 potions of magic
 E - 2 potions of heal wounds
 I - 2 potions of resistance
 J - 2 potions of might
 K - 6 potions of curing
 O - 2 potions of cancellation
 S - a potion of brilliance
Miscellaneous
 W - a tin of tremorstones (2/2)


   Skills:
 + Level 12.6 Fighting
 + Level 11.9 Staves
 + Level 10.3 Throwing
 + Level 13.9 Armour
 - Level 6.8 Dodging
 + Level 3.7 Stealth
 - Level 5.6 Spellcasting
 - Level 5.6 Earth Magic
 + Level 5.9 Invocations
 - Level 5.4 Evocations


You had 25 spell levels left.
You didn't know any spells.
Your spell library contained the following spells:

 Spells                   Type           Power      Damage    Failure   Level
 Apportation              Tloc           10%        N/A       52%         1
 Magic Dart               Conj           20%        1d4       52%         1
 Necrotise                Necr           20%        1d5       52%         1
 Shock                    Conj/Air       20%        1d4       52%         1
 Blink                    Tloc           10%        N/A       67%         2
 Call Imp                 Summ           5%         N/A       67%         2
 Poisonous Vapours        Pois/Air       10%        N/A       67%         2
 Wereblood                Tmut           5%         N/A       67%         2
 Dazzling Flash           Conj/Hex       10%        N/A       88%         3
 Mephitic Cloud           Conj/Pois/Air  5%         N/A       88%         3
 Summon Guardian Golem    Hex/Summ       5%         N/A       88%         3
 Swiftness                Air            5%         N/A       88%         3
 Vampiric Draining        Necr           5%         2d6       88%         3
 Airstrike                Air            2%         2d(1-17)  99%         4
 Anguish                  Hex/Necr       2%         N/A       99%         4
 Iskenderun's Mystic Bla  Conj/Tloc      5%         2d3       99%         4
 Agony                    Necr           5%         N/A       100%        5
 Alistair's Intoxication  Tmut/Pois      3%         N/A       100%        5
 Lightning Bolt           Conj/Air       2%         1d14      100%        5
 Manifold Assault         Tloc           5%         N/A       100%        5
 Starburst                Conj/Fire      2%         6d3       100%        6
 Enfeeble                 Hex            2%         N/A       100%        7
 Orb of Destruction       Conj           2%         9d5       100%        7
 Spellforged Servitor     Conj/Summ      2%         N/A       100%        7
 Storm Form               Tmut/Air       2%         N/A       100%        7
 Summon Hydra             Summ           2%         N/A       100%        7
 Sublimation of Blood     Necr           Unusable   N/A       N/A         2

Dungeon Overview and Level Annotations

Branches:
Dungeon (12/15)            Temple (1/1) D:7            Lair (5/5) D:11
 Shoals (4/4) Lair:3        Snake (0/4) Lair:2        Slime (0/5) Lair:5
    Orc (0/2) D:9         Gauntlet (visited)

Altars:
Ashenzari
Cheibriados
Dithmenos
Elyvilon
Fedhas
Gozag
Hepliaklqana
Kikubaaqudgha
Makhleb
Nemelex Xobeh
Okawaru
Qazlal
Ru
Sif Muna
Trog
Uskayaw
Vehumet
Wu Jian
Xom
Yredelemnul
Zin
The Shining One
Jiyva

Shops:
D:7 [   Shoals:1 (??:*

Portals:
Trove: D:10 (give 6 scrolls of fog)

Annotations:
D:4 2 transporters, t4s4d4r's ghost, amateur DjCj
D:5 2 runed translucent doors, ioannis32's ghost, novice DsBe
D:9 exclusion: obsidian statue
Lair:2 2 transporters, diceflayer's ghost, journeyman MiFi


Innate Abilities, Weirdness & Mutations

You are immune to sickness and miasma.
Your stone body is resilient. (AC +11)
You are immune to poison.
Your large and strong wings let you fly.
You resist negative energy. (rN+)
You are resistant to electric shocks. (rElec)
You are resistant to unholy torment.
You are immune to petrification.
You are partially covered in large bone plates. (SH +4)
You possess an exceptional clarity of mind.


Message History

The merfolk impaler closely misses your manticore.
The merfolk closely misses you.
Your manticore flicks its tail.
The volley of spikes hits the merfolk!
The merfolk dies!
Dithmenos accepts your kill.
The alligator snapping turtle completely misses you.
The merfolk impaler hits your manticore with a +0 trident!!
Your manticore dies!
The merfolk impaler shouts!
Press: ? - help, v - describe, . - travel
Here: an alligator snapping turtle (heavily wounded, very poisoned, umbra)
The floor.
Press: ? - help, v - describe, . - travel
Here: a merfolk impaler, wielding a +0 trident and wearing a +0 robe (almost dead, umbra) Some shallow water.
A merfolk impaler comes into view. It is wielding a +2 vampiric trident.
The merfolk impaler shouts!
The merfolk impaler throws a stone.
You block the stone.
The alligator snapping turtle bites you from afar!
* * * LOW HITPOINT WARNING * * *
A merfolk comes into view. It is wielding a +0 trident.
A merfolk comes into view. It is wielding a +0 trident.
The merfolk impaler throws a stone.
The stone barely misses you.
The merfolk impaler throws a stone.
The stone misses you.
A merfolk comes into view. It is wielding a +0 trident.
The merfolk impaler hits you but does no damage.
You closely miss the merfolk impaler.
The merfolk impaler is almost dead.
The merfolk shouts!
The merfolk hits you but does no damage.
You hit the merfolk impaler.
Your weapon exudes an aura of protection.
The merfolk impaler is almost dead.
The merfolk hits you but does no damage.
The merfolk impaler barely misses you.
The merfolk hits you from afar with a +0 trident!
* * * LOW HITPOINT WARNING * * *
The alligator snapping turtle bites you from afar!!
You die...

.# ##. ...#.~≈P~~~~.P......
..#####.. ..~~≈≈≈PP~~~.......
......~~~ ####.~≈≈~~~~~P~~.....
~~~~~~~~##...##~~~~......~~....
~~~~~~~~#.....#~~≈≈.##........~
~~~~~~~.).)...#~~~~.##.....~~~~
~~~~~~~.# #≈~~....# #...~~
~~~~~)~.## ##≈≈~~..#######..~
~~~~~~<..#####@...~~.P.........
...~~.).....tm####..P..........
#...~.......mm~.##..~..........
#...~........m~~##.~~..........
#..~~......[.~....~≈~..........
..~~~~........~..~~≈~..........
.~~~..###m.~~~~~~~~~~.....)....
~~~~.. #..~~~~~≈~≈~....##'##..
~~... ...~~≈≈P~≈~~...##)..##~


You could see an alligator snapping turtle (very poisoned), 2 merfolk impalers
and 3 merfolk.

Vanquished Creatures
  Bai Suzhen (Shoals:3)
  Gastronok (Lair:2)
  Ilsuiw (Shoals:2)
  Louise (Shoals:1)
  A minotaur (Gauntlet)
  4 merfolk impalers
  3 merfolk javelineers
  Josephine (D:10)
  A fire dragon (Lair:5)
  A boulder beetle (D:11)
  4 hydras
  3 merfolk aquamancers
  2 two-headed ogres
  A merfolk avatar (Shoals:2)
  A fire crab (Lair:5)
  3 sea snakes
  10 harpies
  A cyclops (D:11)
  An oklob plant (D:11)
  An ugly thing (D:11)
  3 fauns (Shoals:3)
  5 manticores
  6 merfolk sirens
  8 elephants (Lair:3)
  3 black mambas
  6 water nymphs
  Maggie (D:6)
  Joseph (D:8)
  6 cane toads
  2 molten gargoyles (Lair:5)
  8 komodo dragons
  Psyche (D:10)
  A troll (D:11)
  3 polar bears
  22 merfolk
  A wind drake (Shoals:4)
  19 blink frogs
  4 snapping turtles
  A vampire (D:10)
  4 basilisks
  8 water elementals
  4 wraiths (D:10)
  7 wyverns
  29 yaks
  Grum (D:11)
  A steam dragon (Lair:5)
  10 vampire mosquitoes
  An acid dragon (D:11)
  Edmund (D:4)
  2 nagas (Lair:2)
  5 water moccasins
  4 hell hounds
  4 orc warriors
  A sky beast (D:8)
  2 ice beasts
  4 black bears
  2 ogres
  24 wolves
  3 centaurs
  3 phantoms
  5 kobold brigands
  13 bullfrogs
  A gnoll sergeant (D:9)
  2 scorpions
  A necrophage (D:6)
  5 killer bees (D:10)
  An electric eel (Lair:4)
  9 howler monkeys
  5 lava snakes (Lair:5)
  4 hounds
  3 jellies
  9 orc priests
  Jessica (D:3)
  An iguana (D:5)
  7 orc wizards
  8 hell rats
  Robin (D:4)
  9 gnolls
  8 adders
  A shadow imp (D:5)
  3 white imps
  3 ufetubi
  2 worms
  2 dart slugs
  27 orcs
  7 ball pythons
  A bat skeleton (D:2)
  2 bat zombies (D:2)
  8 endoplasms
  2 giant cockroaches (D:2)
  6 goblins
  4 hobgoblins
  A jackal (D:5)
  28 kobolds
  3 quokkas
  2 ball python skeletons (D:2)
  2 ball python zombies (D:2)
  4 bats
  4 frilled lizards
  A giant cockroach zombie (D:2)
  A quokka zombie (D:2)
  3 rats
  2 tentacles (Shoals:2)
475 creatures vanquished.

Vanquished Creatures (collateral kills)
  A sea snake (Shoals:2)
  2 harpies (Shoals:2)
  A merfolk siren (Shoals:4)
  2 merfolk (Shoals:4)
  A water elemental (Shoals:2)
  2 yaks (D:9)
  A gnoll (D:5)
  2 orcs (D:11)
12 creatures vanquished.

Vanquished Creatures (others)
  A sea snake (Shoals:4)
  A harpy (Shoals:2)
  A manticore (Shoals:4)
  A hell hound (Lair:5)
  A howler monkey (D:5)
  A hound (D:5)
  An iguana (D:5)
  A gnoll bouda (D:5)
  An orc wizard (D:5)
  2 hell rats (Lair:5)
  A gnoll (D:5)
  2 adders (D:5)
  2 orcs (D:5)
  15 fungi
  55 plants
  37 tentacles (Shoals:2)
123 creatures vanquished.

Grand Total: 610 creatures vanquished

Notes
Turn   | Place    | Note
-------+----------+-------------------------------------------
     0 | D:1      | pyryhyry the Gargoyle Gladiator began the quest for the
                  | Orb.
     0 | D:1      | Reached XP level 1. HP: 12/12 MP: 1/1
   389 | D:1      | You fall into a shaft and drop 1 floor!
   523 | D:1      | Reached XP level 2. HP: 12/18 MP: 2/2
  1443 | D:2      | Reached XP level 3. HP: 22/22 MP: 3/3
  2002 | D:3      | Reached skill level 1 in Earth Magic
  2006 | D:3      | Found an ancient bone altar of Kikubaaqudgha.
  2008 | D:3      | Found a broken altar of Ashenzari.
  2060 | D:3      | Reached XP level 4. HP: 27/27 MP: 4/4
  2136 | D:3      | Found a faded altar of an unknown god.
  2177 | D:3      | Noticed Jessica
  2237 | D:3      | Reached skill level 1 in Armour
  2382 | D:3      | Killed Jessica
  2389 | D:3      | Reached XP level 5. HP: 17/32 MP: 5/5
  2524 | D:3      | Found a sacrificial altar of Ru.
  2524 | D:3      | Found a glowing silver altar of Zin.
  2529 | D:3      | Found a sparkling altar of Nemelex Xobeh.
  2926 | D:4      | Reached skill level 2 in Armour
  2929 | D:4      | Noticed Edmund
  2944 | D:4      | Noticed a black bear
  2952 | D:4      | Killed Edmund
  2953 | D:4      | Reached XP level 6. HP: 38/38 MP: 6/6
  2958 | D:4      | Killed a black bear
  2959 | D:4      | Reached skill level 3 in Armour
  2959 | D:4      | Reached XP level 7. HP: 43/43 MP: 7/7
  2984 | D:4      | HP: 1/43 [ogre/+0 giant club (11)]
  3038 | D:4      | Found an iron altar of Okawaru.
  3100 | D:4      | Found a transporter.
  3105 | D:4      | Found a transporter.
  3111 | D:4      | Noticed t4s4d4r's ghost (amateur DjCj)
  3267 | D:4      | Noticed Robin
  3278 | D:4      | Killed Robin
  3754 | D:5      | Entered Level 5 of the Dungeon
  4043 | D:5      | Found a shimmering altar of Xom.
  4189 | D:5      | Found a runed translucent door.
  4190 | D:5      | Noticed ioannis32's ghost (novice DsBe)
  4596 | D:6      | Noticed Maggie
  4649 | D:6      | Reached skill level 4 in Armour
  4649 | D:6      | Reached XP level 8. HP: 48/48 MP: 8/8
  4666 | D:6      | Reached skill level 5 in Fighting
  4680 | D:6      | Reached skill level 5 in Earth Magic
  4950 | D:6      | Reached skill level 5 in Armour
  4950 | D:6      | Reached skill level 5 in Dodging
  5119 | D:6      | Reached skill level 1 in Stealth
  5177 | D:7      | Found a shadowy altar of Dithmenos.
  5200 | D:7      | Reached XP level 9. HP: 55/55 MP: 9/9
  5305 | D:8      | Noticed Joseph
  5415 | D:8      | Reached skill level 5 in Throwing
  5587 | D:9      | Noticed an obsidian statue
  5765 | D:8      | Gained mutation: Armour fits poorly on your strangely
                  | shaped body. [potion of mutation]
  5775 | D:8      | Killed Joseph
  5900 | D:8      | Noticed a two-headed ogre
  5920 | D:8      | Killed a two-headed ogre
  5921 | D:8      | Reached XP level 10. HP: 60/60 MP: 10/10
  6215 | D:7      | Found Metzuinu's Antique Armour Shoppe.
  6218 | D:7      | Bought a glowing leather armour for 105 gold pieces
  6399 | D:6      | Killed Maggie
  6696 | D:6      | Reached skill level 10 in Throwing
  7181 | D:5      | Found a runed translucent door.
  7295 | D:7      | Found a staircase to the Ecumenical Temple.
  7326 | D:7      | Lost mutation: Armour fits poorly on your strangely shaped
                  | body. [potion of mutation]
  7326 | D:7      | Gained mutation: You possess an exceptional clarity of
                  | mind. [potion of mutation]
  7326 | D:7      | Gained mutation: You are robust. (+10% HP) [potion of
                  | mutation]
  7330 | Temple   | Entered the Ecumenical Temple
  7510 | D:7      | Became a worshipper of Dithmenos the Shadowed
  7547 | D:10     | Entered Level 10 of the Dungeon
  7692 | D:10     | Found a portal to a secret trove of treasure.
  7754 | D:10     | Reached skill level 1 in Invocations
  7770 | D:10     | Reached skill level 1 in Evocations
  8218 | D:11     | Noticed a two-headed ogre
  8218 | D:11     | Noticed a boulder beetle
  8316 | D:11     | Noticed a cyan ugly thing
  8318 | D:11     | Found a gate leading to a gauntlet.
  8345 | D:11     | Killed a cyan ugly thing
  8346 | D:11     | Reached XP level 11. HP: 70/72 MP: 12/12
  8349 | Gauntlet | Entered a Gauntlet
  8349 | Gauntlet | Found a transporter.
  8352 | Gauntlet | Found a transporter.
  8354 | Gauntlet | Noticed a balrug
  8357 | Gauntlet | Found a runed translucent door.
  8360 | Gauntlet | Found a transporter.
  8362 | Gauntlet | Found a transporter.
  8366 | Gauntlet | Found a transporter.
  8366 | Gauntlet | Found a transporter.
  8366 | Gauntlet | Noticed a wretched star
  8373 | Gauntlet | Noticed a balrug
  8374 | Gauntlet | Found a transporter.
  8375 | Gauntlet | Found a transporter.
  8443 | Gauntlet | Found a transporter.
  8457 | Gauntlet | Found a transporter.
  8458 | Gauntlet | Found a transporter.
  8465 | Gauntlet | Noticed a wolf spider
  8466 | Gauntlet | Noticed an entropy weaver
  8471 | Gauntlet | Found a transporter.
  8576 | Gauntlet | Gained mutation: You are partially covered in large bone
                  | plates. (SH +4) [a neqoxec]
  8577 | Gauntlet | Lost mutation: You are robust. (+10% HP) [a neqoxec]
  8579 | Gauntlet | Identified the +8 chain mail of Elyvilon's Castigation
                  | {rElec Regen+ Stlth-}
  8966 | Gauntlet | Identified the ring "Seuji" {rC+ EV+4 Int+3}
  9004 | Gauntlet | Noticed a minotaur
  9031 | Gauntlet | Killed a minotaur
  9384 | D:11     | Noticed Grum
  9395 | D:11     | Killed Grum
  9395 | D:11     | Reached * piety under Dithmenos
  9446 | D:11     | Killed a boulder beetle
  9447 | D:11     | Reached skill level 6 in Armour
  9474 | D:11     | Noticed an oklob plant
  9551 | D:11     | Killed a two-headed ogre
  9669 | D:11     | Noticed a cyclops
  9670 | D:11     | Found a staircase to the Lair.
  9700 | D:11     | Killed a cyclops
  9975 | D:10     | Noticed Josephine
  9996 | D:10     | Killed Josephine
 10088 | D:10     | Found a hazy altar of Hepliaklqana.
 10089 | D:10     | Noticed Psyche
 10173 | D:10     | Killed Psyche
 10509 | D:9      | Reached XP level 12. HP: 73/73 MP: 15/15
 10525 | D:9      | Reached skill level 7 in Armour
 10679 | D:9      | Found a staircase to the Orcish Mines.
 10890 | D:9      | Reached ** piety under Dithmenos
 10904 | D:9      | Reached skill level 5 in Invocations
 11921 | Lair:1   | Entered Level 1 of the Lair of Beasts
 12251 | Lair:1   | Identified the +7 trident "Uqiwitis" {holy, rF+ Will+}
 12575 | Lair:1   | Reached skill level 8 in Armour
 12575 | Lair:1   | Reached skill level 1 in Spellcasting
 12961 | Lair:2   | Noticed Gastronok
 13023 | Lair:2   | Killed Gastronok
 13191 | Lair:2   | Noticed a five-headed hydra
 13350 | Lair:2   | Found a transporter.
 13355 | Lair:2   | Noticed a six-headed hydra
 13357 | Lair:2   | Found a transporter.
 13612 | Lair:2   | Reached skill level 9 in Armour
 13626 | Lair:2   | Noticed diceflayer's ghost (journeyman MiFi)
 13707 | Lair:2   | Found a staircase to the Snake Pit.
 13796 | Lair:2   | Killed a five-headed hydra
 14078 | Lair:3   | Reached *** piety under Dithmenos
 14079 | Lair:3   | Reached XP level 13. HP: 80/80 MP: 17/17
 14440 | Lair:3   | Reached skill level 10 in Armour
 14756 | Lair:3   | Found a staircase to the Shoals.
 15547 | Lair:5   | Entered Level 5 of the Lair of Beasts
 15649 | Lair:5   | Reached skill level 10 in Fighting
 15773 | Lair:5   | Found a viscous altar of Jiyva.
 15774 | Lair:5   | Found a staircase to the Slime Pits.
 15788 | Lair:5   | Reached **** piety under Dithmenos
 15796 | Lair:5   | Reached skill level 11 in Armour
 16038 | Lair:5   | Found an iron altar of Okawaru.
 16274 | Lair:5   | Reached skill level 5 in Spellcasting
 16394 | Lair:5   | Noticed a fire dragon
 16519 | Lair:5   | Reached skill level 10 in Staves
 16668 | Lair:5   | Reached skill level 12 in Armour
 16696 | Lair:5   | Gained mutation: Your large and strong wings let you fly.
                  | [Gargoyle growth]
 16696 | Lair:5   | Reached XP level 14. HP: 65/88 MP: 20/22
 16701 | Lair:5   | Found a large runed translucent door.
 16704 | Lair:5   | Found a large runed translucent door.
 16761 | Lair:5   | Got Gefrigak's Catalogue of Voltaic Evil
 17231 | Shoals:1 | Entered Level 1 of the Shoals
 17231 | Shoals:1 | Found Hitiabro's Magic Scroll Shoppe.
 17237 | Shoals:1 | Bought a scroll of teleportation for 54 gold pieces
 17258 | Shoals:1 | Found Paakae's Weapon Shoppe.
 17409 | Shoals:1 | Noticed Louise
 17540 | Shoals:1 | Killed Louise
 17637 | Shoals:1 | Found Amum's Magic Scroll Shop.
 17646 | Shoals:1 | Bought a scroll of teleportation for 48 gold pieces
 17646 | Shoals:1 | Bought a scroll of blinking for 120 gold pieces
 17745 | Shoals:1 | Found Saebe's General Store.
 17776 | Shoals:1 | Found Qucyl's Book Shoppe.
 18126 | Shoals:1 | Reached ***** piety under Dithmenos
 18351 | Shoals:2 | Noticed Ilsuiw
 18390 | Shoals:2 | Killed Ilsuiw
 18391 | Shoals:2 | Reached skill level 13 in Armour
 18392 | Shoals:2 | Upgraded the game from 0.29.1-1-gd02db6906a to
                  | 0.29.1-2-gbd0b4ee654
 18719 | Shoals:2 | Noticed a kraken
 19201 | Shoals:1 | Bought a scroll of acquirement for 572 gold pieces
 19211 | Shoals:1 | Acquired a +3 antimagic lajatang
 19244 | Shoals:3 | Noticed Bai Suzhen
 19469 | Shoals:3 | Killed Bai Suzhen
 19484 | Shoals:3 | Reached XP level 15. HP: 75/96 MP: 23/23
 19646 | Shoals:3 | Reached skill level 5 in Evocations
 20257 | Shoals:4 | Entered Level 4 of the Shoals
 20388 | Shoals:4 | HP: 3/97 [merfolk impaler/+2 demon trident of venom (14)]
 20499 | Shoals:4 | Mangled by an alligator snapping turtle

Illustrated notes

Levels and vault maps discovered:
D:1:      lordsloth_arrival_two_stooges, layout_loops_corners
D:2:      layout_loops_ring, serial_undead, serial_undead_c, serial_undead_f,
          serial_undead_b, serial_undead_b, serial_undead_e, serial_undead_c,
          serial_undead_a, serial_undead_d
D:3:      layout_loops_cross, nicolae_overflow_hidden_temple,
          hellmonk_ecumenical_altar_pennies_from_heaven, due_unseen_surprise,
          uniq_jessica
D:4:      layout_basic, okawaru_ov_weapons_minmay, gammafunk_ghost_mausoleum,
          grunt_decor_fettered, uniq_edmund, uniq_robin
D:5:      layout_basic, xom_confusion_cloud, ebering_ghost_sewer_f
D:6:      layout_loops_ring, serial_glass, glass_columns_a, glass_columns_a,
          amcnicky_mini_rare_corridor_liquid, ebering_dispersal_statue_hall,
          kennysheep_opposing_triangles, uniq_maggie
D:7:      layout_cave_pools, nicolae_dithmenos_shadow_blocks,
          minmay_temple_entry_mini_moons, serial_shops,
          nicolae_shop_behind_doors, kennysheep_pointless_box
D:8:      layout_rooms, uniq_joseph
D:9:      layout_roguey, david_orc_1_choice, minmay_statue_bubble
D:10:     layout_roguey, worldfamousw_hep_ancestral_shrine, enter_trove_1,
          uniq_psyche, uniq_josephine
D:11:     layout_long_grid, dpeg_oklobed_lair, gauntlet_entry_generic, uniq_grum
D:12:     layout_loops_corners, minmay_variable_closet
Temple:   hellmonk_temple_forest_ring
Lair:1:   layout_hall_layers, beast_lair_carwin_10, lemuel_fruit_fields,
          infiniplex_staircase_pool_2
Lair:2:   layout_concentric_octagons, minmay_snake_entry_guardpost_medium,
          nzn_ghost_randoct, uniq_gastronok
Lair:3:   layout_misc_corridors, minmay_shoals_entry_hut,
          chequers_serial_rivers_micro_c, uniq_urug
Lair:4:   layout_big_grid, serial_bayou_shore_a
Lair:5:   cheibrodos_lair_end_hotspot, layout_cellular_growth,
          nicolae_slime_entry_slimehenge, basic_altar
Shoals:1: layout_shoals, serial_shops, nicolae_shop_behind_doors,
          nicolae_shop_hallway_stairs, nicolae_shop_window_shopping,
          nicolae_shop_statue_plus, shop, uniq_louise
Shoals:2: layout_shoals, uniq_ilsuiw
Shoals:3: layout_shoals, uniq_bai_suzhen
Shoals:4: shoals_end_simple, layout_shoals

Skill      XL: |  1  2  3  4  5  6  7  8  9 10 11 12 13 14 15 |
---------------+----------------------------------------------+-----
Throwing       | 2 3 8 10 | 10.3
Earth Magic    | 1 3 4 5 |  5.6
Dodging        | 3 4 5 6 |  6.8
Armour         | 1 2 3 4 5 6 9 12 13 | 13.9
Fighting       | 3 4 6 7 9 10 12 | 12.6
Stealth        | 1 3 |  3.7
Invocations    | 2 4 5 |  5.9
Evocations     | 1 4 5 |  5.4
Staves         | 4 7 8 10 11 | 11.9
Spellcasting   | 3 5 |  5.6

Action                   |  1- 3 |  4- 6 |  7- 9 | 10-12 | 13-15 || total
-------------------------+-------+-------+-------+-------+-------++-------
Melee: Quarterstaff      |   101 |    40 |     6 |   966 |  1243 ||  2356
       Dagger            |       |    51 |   313 |   314 |       ||   678
       Unarmed           |       |       |    13 |       |       ||    13
       Punch             |       |       |     3 |     4 |       ||     7
       Dire flail        |       |       |       |    20 |       ||    20
       Staff             |       |       |       |    74 |       ||    74
       Trident           |       |       |       |       |    33 ||    33
       Halberd           |       |       |       |       |     3 ||     3
       Lajatang          |       |       |       |       |   245 ||   245
Throw: Throwing net      |       |     4 |       |       |       ||     4
       Javelin           |       |     1 |     5 |     9 |     7 ||    22
       Dart              |       |       |    18 |    35 |    26 ||    79
Evoke: Wand              |       |       |     9 |    11 |    15 ||    35
       Tin of tremorston |       |       |       |     1 |     3 ||     4
  Use: Scroll            |       |     5 |    12 |     8 |    19 ||    44
       Potion            |       |     2 |     6 |     6 |     8 ||    22
 Stab: Sleeping          |     3 |       |       |       |       ||     3
       Held in net/web   |       |     1 |       |       |       ||     1
       Distracted        |       |       |       |       |     2 ||     2
       Invisible         |       |       |       |       |     3 ||     3
Armor: Leather armour    |    46 |    57 |   144 |    37 |       ||   284
       Skin              |       |       |     1 |    19 |       ||    20
       Swamp dragon scal |       |       |       |   170 |       ||   170
       Chain mail        |       |       |       |   541 |  1387 ||  1928
Dodge: Dodged            |    70 |   104 |   242 |   957 |  1646 ||  3019
Block: Other             |       |       |       |   186 |   357 ||   543
